 Seeded DCSS version 0.32-a0-900-g30fb1b0edc (webtiles) character file.

Game seed: 202404053 (custom seed)

397 Orlauf the Slasher (level 6, 0/48 HPs)
             Began as a Demonspawn Gladiator on Apr 5, 2024.
             Was a Believer of Uskayaw.
             Succumbed to an orc wizard's poison
             ... on level 5 of the Dungeon.
             The game lasted 00:03:21 (2006 turns).

Orlauf the Slasher (Demonspawn Gladiator)           Turns: 2006, Time: 00:03:22

Health: 0/48       AC: 12    Str: 16    XL:     6   Next: 53%
Magic:  7/7        EV:  6    Int:  9    God:    Uskayaw [**....]
Gold:   136        SH:  0    Dex: 14    Spells: 5/5 levels left

rFire   . . .        a - +1 long sword
rCold   . . .        (no shield)
rNeg    . . .        k - +0 plate armour
rPois   .            c - +0 helmet
rElec   .            i - +0 cloak
rCorr   .            (no gloves)
SInv    .            (no boots)
Will    .....        (no amulet) Stlth
                     (no ring)
HPRegen 0.28/turn    (no ring)
MPRegen 0.10/turn

%: no passive effects
@: lethally poisoned (0 -> 0)
A: repulsion field 1, powered by death 1
a: Renounce Religion, Stomp, Line Pass


You were on level 5 of the Dungeon.
You worshipped Uskayaw.
Uskayaw was noncommittal.
You visited 2 branches of the dungeon, and saw 5 of its levels.

You collected 136 gold pieces.

Inventory:

Hand Weapons
 a - a +1 long sword (weapon)
Missiles
 d - 2 throwing nets (quivered)
 e - a javelin
 j - 10 poisoned darts
Armour
 c - a +0 helmet (worn)
 i - a +0 cloak (worn)
 k - a +0 plate armour (worn)
Scrolls
 b - a scroll of teleportation
Potions
 f - a potion of haste {unknown}
 l - a potion of curing


   Skills:
 + Level 4.2 Fighting
 * Level 5.6 Long Blades
 - Level 1.7 Throwing
 - Level 2.6 Dodging
 + Level 1.6 Invocations


You had 5 spell levels left.
You didn't know any spells.
Your spell library contained the following spells:

 Spells                   Type           Power      Damage    Failure   Level
 Fugue of the Fallen      Necr           0%         N/A       100%        3
 Hailstorm                Conj/Ice       0%         3d5       100%        3
 Ozocubu's Armour         Ice            0%         N/A       100%        3
 Summon Ice Beast         Ice/Summ       0%         N/A       100%        3
 Permafrost Eruption      Ice/Erth       0%         2x4d1     100%        6
 Sculpt Simulacrum        Ice/Alch       0%         N/A       100%        6
 Manifold Assault         Tloc           0%         N/A       100%        7


Dungeon Overview and Level Annotations

Branches:
Dungeon (5/15)             Temple (1/1) D:5

Altars:
Cheibriados
Dithmenos
Fedhas
Gozag
Kikubaaqudgha
Makhleb
Nemelex Xobeh
Okawaru
Qazlal
Ru
Uskayaw
Wu Jian
Yredelemnul


Innate Abilities, Weirdness & Mutations

You are surrounded by a mild repulsion field. (EV +2)
You regenerate a little health from kills.


Message History

You slash the orc!
You kill the orc!
You feel extremely sick.
An orc comes into view. It is wielding a +0 falchion.
Something hits you but does no damage.
You are more poisoned.
You barely miss something.
* * * LOW HITPOINT WARNING * * *
You feel extremely sick.
The orc shouts!
Something hits you but does no damage.
You are more poisoned.
Unknown command.
It was a potion of curing.
You feel better.
You hear some strange, mumbled words.
A puff of flame appears from out of thin air!
The puff of flame hits you.
You barely miss the orc. The orc hits you with a +0 falchion.
* * * LOW HITPOINT WARNING * * *
Something hits you but does no damage.
You are poisoned.
Unknown command.
You slash something!
Reactivating autopickup.
You feel a bit more experienced.
You feel sick. The orc hits you with a +0 falchion.
* * * LOW HITPOINT WARNING * * *
Unknown command.
You hit the orc but do no damage.
You feel sick. The orc hits you but does no damage.
You completely miss the orc.
You feel sick. The orc hits you but does no damage.
You hit the orc.
The orc is lightly wounded.
You feel sick. The orc hits you with a +0 falchion.
* * * LOW HITPOINT WARNING * * *
You hit the orc but do no damage.
The orc is lightly wounded.
You die...
Your body falls in perfect tune with the rhythm.

### ..# #.# #o# .
.##########@###.[.
...........).......
...........##...>#
......###.......##
.####.........#....
.........#....<.###
..###...###.##.##
..............#..
#.####.#.#####.###


You could see an orc.

Vanquished Creatures
  A black bear (D:5)
  A phantom (D:5)
  A hound (D:5)
  An orc priest (D:3)
  An orc wizard (D:5)
  8 adders
  4 ribbon worms
  A dart slug (D:1)
  7 orcs
  6 ball pythons
  3 endoplasms (D:2)
  A giant cockroach (D:1)
  6 goblins
  4 hobgoblins
  4 jackals
  A quokka (D:1)
  2 bats (D:1)
  3 frilled lizards
  6 kobolds
  8 rats
69 creatures vanquished.

Notes
Turn   | Place    | Note
-------+----------+-------------------------------------------
     0 | D:1      | Orlauf the Demonspawn Gladiator began the quest for the
                  | Orb.
     0 | D:1      | Reached XP level 1. HP: 16/16 MP: 1/1
   139 | D:1      | Reached skill level 3 in Long Blades
   156 | D:1      | Gained mutation: You are surrounded by a mild repulsion
                  | field. (EV +2) [demonic ancestry]
   156 | D:1      | Reached XP level 2. HP: 22/22 MP: 2/2
   699 | D:2      | Reached XP level 3. HP: 17/28 MP: 3/3
   969 | D:2      | Reached skill level 4 in Long Blades
   969 | D:2      | Gained mutation: You regenerate a little health from kills.
                  | [demonic ancestry]
   969 | D:2      | Reached XP level 4. HP: 35/35 MP: 4/4
  1214 | D:2      | Found a basalt altar of Yredelemnul.
  1629 | D:3      | Reached XP level 5. HP: 6/38 MP: 5/5
  1843 | D:3      | You fall into a shaft and drop 2 floors!
  1843 | D:5      | Entered Level 5 of the Dungeon
  1844 | D:5      | Noticed a black bear
  1853 | D:5      | Killed a black bear
  1854 | D:5      | Reached skill level 5 in Long Blades
  1877 | D:5      | Found a staircase to the Ecumenical Temple.
  1890 | Temple   | Entered the Ecumenical Temple
  1908 | Temple   | Became a worshipper of Uskayaw the Reveller
  1947 | D:5      | Noticed a phantom
  1952 | D:5      | Reached * piety under Uskayaw
  1954 | D:5      | Reached ** piety under Uskayaw
  1955 | D:5      | Reached XP level 6. HP: 44/48 MP: 6/6
  1962 | D:5      | Reached *** piety under Uskayaw
  1972 | D:5      | Reached skill level 1 in Invocations
  2005 | D:5      | HP: 1/48 [orc/+0 falchion (3)]
  2006 | D:5      | Succumbed to an orc wizard's poison

Illustrated notes

Levels and vault maps discovered:
D:1:      minmay_arrival_split_and_join, layout_rooms
D:2:      minmay_general_purpose_star, layout_rooms, basic_altar,
          kennysheep_generic_room_7
D:3:      layout_rooms, corexii_corridor_pit, kennysheep_generic_room_8
D:5:      layout_loops_ring, lightli_temple_of_fire, temple_hall
Temple:   hellmonk_temple_of_storms

Skill      XL: |  1  2  3  4  5  6 |
---------------+-------------------+-----
Long Blades    | 3 4 5 |  5.6
Fighting       | 3 4 |  4.2
Invocations    | 1 |  1.6
Throwing       | |  1.7
Dodging        | |  2.6

Action                     |  1- 3 |  4- 6 || total
---------------------------+-------+-------++-------
  Melee: Long sword        |   107 |   144 ||   251
  Throw: Throwing net      |       |     2 ||     2
    Use: Scroll            |     3 |     3 ||     6
         Potion            |       |     1 ||     1
   Stab: Held in net/web   |       |     2 ||     2
         Paralysed         |       |     1 ||     1
 Armour: Leather armour    |    32 |       ||    32
         Chain mail        |    29 |       ||    29
         Plate armour      |    66 |   166 ||   232
  Dodge: Dodged            |    51 |    32 ||    83

Table legend: (Time is in decaauts)
 A = Elapsed time spent in this place.
 B = Non-inter-level travel time spent in this place.
 C = Inter-level travel time spent in this place.
 D = Time resting spent in this place.
 E = Time spent auto-exploring this place.
 F = Levels seen in this place.
 G = Mean time per level.
                   A        B        C        D        E       F      G
               +--------+--------+--------+--------+--------+-----+--------+
         Total |   2054 |   1940 |    114 |    171 |   1164 |   5 |  410.8 |
       Dungeon |   2017 |   1921 |     96 |    171 |   1164 |   4 |  504.2 |
        Temple |     36 |     18 |     18 |      0 |      0 |   1 |   36.0 |
               +--------+--------+--------+--------+--------+-----+--------+

Top non-repeatable levels by time:
     D:2: 882 daAuts
     D:1: 704 daAuts
     D:3: 297 daAuts
     D:5: 133 daAuts
  Temple: 36 daAuts
